AoeStats
← miguelon01

Lombardia

509737235Analyzed
4v4 RM · 4d ago on Sep 27, 2026· 45m 59s· 8 players
Game mode
Random Map
Map size
Large (8 player)
Population
200
Speed
Normal
Resources
Standard
Victory
Conquest
Starting age
Dark Age
Ending age
Imperial Age
RankedLock teamsTeams togetherTeam positionsShared explorationLock speedFull tech treeHidden civsTurbo modeCheats
Victory
Defeat
🇨🇳 Persians · China
1204
+13
🇨🇳 Slavs · China
1176
+14
🇬🇧 Franks · United Kingdom
1121
+16
🇬🇧 Varangians · United Kingdom
1100
+18
🇧🇷 Bulgarians · Brazil
1154
-16
🇮🇹 Vikings · Italy
1148
-16
🇦🇷 Ethiopians · Argentina
1146
-16
🇩🇪 Britons · Germany
1073
-13
JPR2405
7:17 Loom
10:12 Feudal Age
12:52 Fletching
16:57 Castle Age
17:24 Double-Bit Axe
17:06 Crossbowman
18:15 Bodkin Arrow
21:56 Bow Saw
21:57 Horse Collar
25:49 Padded Archer Armor
26:24 Heavy Plow
32:42 Ballistics
33:35 Wheelbarrow
37:56 Imperial Age
36:38 Leather Archer Armor
37:54 Hand Cart
37:24 Town Watch
38:41 Thumb Ring
37:58 Arbalester
38:50 Bracer
41:13 Chemistry
42:20 Scale Mail Armor
42:30 Forging
42:24 Squires
42:09 Arson
43:12 Squires
42:57 Arson
43:36 Chain Mail Armor
43:56 Iron Casting
Tikka Masala
11:31 Feudal Age
15:50 Castle Age
13:38 Loom
16:23 Castle Age
14:35 Double-Bit Axe
16:39 Horse Collar
21:12 Bow Saw
26:22 Heavy Plow
26:39 Town Watch
27:06 Gold Mining
27:30 Squires
27:17 Arson
27:36 Scale Mail Armor
30:54 Imperial Age
29:18 Town Patrol
31:25 Chain Mail Armor
32:16 Chieftains
32:39 Conscription
31:42 Elite Varangian Guard
33:53 Two-Man Saw
34:17 Fletching
34:43 Forging
35:03 Plate Mail Armor
35:04 Bodkin Arrow
35:45 Ballistics
39:02 Iron Casting
Airfoxa380
11:21 Feudal Age
17:19 Castle Age
15:19 Double-Bit Axe
17:02 Horse Collar
17:18 Gold Mining
17:19 Stone Mining
17:25 Stone Mining
20:16 Bow Saw
20:25 Fletching
20:35 Padded Archer Armor
21:10 Bodkin Arrow
21:30 Leather Archer Armor
26:18 Town Watch
27:11 Wheelbarrow
29:04 Ballistics
32:29 Yeomen
35:50 Imperial Age
38:13 Chemistry
38:03 Elite Longbowman
38:46 Bracer
39:17 Ring Archer Armor
miguelon01
11:18 Feudal Age
13:59 Bloodlines
20:52 Castle Age
20:00 Gold Mining
20:28 Double-Bit Axe
20:24 Horse Collar
22:46 Wheelbarrow
22:37 Loom
23:43 Bow Saw
24:47 Bloodlines
24:40 Husbandry
25:07 Forging
26:31 Scale Barding Armor
26:44 Light Cavalry
32:15 Imperial Age
31:36 Iron Casting
31:28 Heavy Plow
31:02 Pikeman
32:07 Stone Mining
32:54 Capped Ram
39:04 Chain Barding Armor
39:32 Gold Shaft Mining
39:51 Squires
42:28 Hand Cart
42:20 Fletching
42:28 Murder Holes
43:04 Elite Konnik
biodegradable plastic
5:14 Loom
12:07 Feudal Age
12:44 Double-Bit Axe
16:04 Gold Mining
19:32 Castle Age
17:27 Stone Mining
17:38 Fletching
19:28 Padded Archer Armor
20:30 Bow Saw
23:42 Ordonnance Companies
26:44 Wheelbarrow
27:21 Leather Archer Armor
28:31 Hand Cart
29:28 Gold Shaft Mining
28:59 Husbandry
29:41 Ballistics
34:43 Imperial Age
35:05 Heavy Mounted Crossbowman
35:07 Cranequins
36:53 Chemistry
35:51 Bodkin Arrow
38:56 Conscription
39:33 Forging
39:29 Scale Barding Armor
39:53 Cavalier
40:36 Chivalry
41:51 Iron Casting
42:30 Paladin
44:57 Blast Furnace
45:21 Chain Barding Armor
The Laughing Storm
4:52 Loom
11:46 Feudal Age
12:11 Double-Bit Axe
13:23 Horse Collar
18:46 Castle Age
20:32 Bow Saw
25:11 Wheelbarrow
24:50 Gold Mining
24:54 Stone Mining
25:07 Heavy Plow
25:22 Caravan
28:12 Stone Shaft Mining
28:58 Hand Cart
28:51 Town Watch
34:42 Imperial Age
32:27 Bloodlines
32:54 Scale Barding Armor
33:00 Forging
34:59 Chain Barding Armor
36:06 Cavalier
38:01 Husbandry
38:51 Guilds
39:36 Plate Barding Armor
39:37 Iron Casting
41:15 Vendel Legacy
42:15 Conscription
余淮nb
6:49 Loom
9:18 Feudal Age
9:55 Double-Bit Axe
18:31 Castle Age
16:36 Horse Collar
19:55 Bow Saw
20:43 Wheelbarrow
20:38 Town Watch
21:02 Gold Mining
21:14 Heavy Plow
22:33 Bloodlines
30:05 Imperial Age
28:06 Husbandry
28:02 Stone Mining
29:09 Gold Shaft Mining
29:42 Scale Barding Armor
29:56 Hand Cart
31:16 Conscription
30:44 Cavalier
32:30 Chain Barding Armor
33:15 Forging
33:48 Plate Barding Armor
34:32 Crop Rotation
35:14 Two-Man Saw
35:10 Iron Casting
34:38 Savar
37:02 Blast Furnace
39:28 Fletching
40:13 Caravan
老徐
10:52 Feudal Age
15:25 Castle Age
14:45 Double-Bit Axe
14:43 Horse Collar
17:54 Loom
22:10 Heavy Plow
22:37 Bow Saw
23:27 Stone Mining
24:56 Gold Mining
25:55 Wheelbarrow
25:05 Town Watch
28:08 Hand Cart
30:28 Imperial Age
28:09 Murder Holes
28:28 Fortified Wall
28:14 Fletching
29:51 Gold Shaft Mining
29:23 Detinets
29:52 Scale Barding Armor
29:57 Forging
30:14 Bodkin Arrow
30:19 Scale Mail Armor
31:39 Siege Engineers
32:35 Chemistry
31:08 Capped Ram
32:10 Conscription
32:28 Town Patrol
33:31 Two-Man Saw
33:03 Crop Rotation
32:33 Siege Ram
34:45 Bloodlines
34:35 Husbandry
34:45 Bloodlines
34:35 Husbandry
36:14 Hoardings
36:20 Hoardings
35:49 Squires
35:47 Heavy Scorpion
37:09 Iron Casting
36:50 Chain Mail Armor
36:55 Chain Barding Armor
37:40 Caravan
38:11 Coinage
40:04 Padded Archer Armor
41:04 Blast Furnace
40:34 Plate Mail Armor
40:41 Plate Barding Armor
39:46 Pikeman
40:38 Halberdier
Connection lost

Rejoining the realm…

Still unreachable

The connection could not be restored.

Session expired

The server has moved on; the page needs a fresh start.